 Dungeon Crawl Stone Soup version 0.31-a0-1308-ga3cce3a448 (console) character file.

Game seed: 17555823055149161810

10404 jejorda2 the Cleaver (level 11, -28/86 (89) HPs)
             Began as a Gnoll Berserker on Dec 19, 2023.
             Was a High Priest of Trog.
             Killed by an exploding kobold brigand (30 damage)
             ... ignited by their inner flame
             ... on level 11 of the Dungeon.
             The game lasted 00:23:58 (9818 turns).

jejorda2 the Cleaver (Gnoll Berserker)              Turns: 9818, Time: 00:24:02

HP:   -28/86 (89)   AC: 19    Str: 23    XL:     11   Next: 61%
MP:   29/29         EV: 11    Int:  7    God:    Trog [*****.]
Gold: 695           SH:  0    Dex: 18    Spells: 23/23 levels left

rFire   . . .        a - +2 broad axe (flame)
rCold   . . .        (no shield)
rNeg    . . .        y - +0 plate armour
rPois   .            B - +0 helmet
rElec   .            D - +0 cloak
rCorr   .            g - +2 pair of gloves
SInv    .            (no boots)
Will    ++...        z - amulet of faith Stlth
                     A - ring of Honesty {MP+9 Str+3}
HPRegen 1.34/turn    v - +6 ring of dexterity
MPRegen 0.21/turn

%: faith
@: strong-willed, on berserk cooldown, regenerating, slowed, lightly drained,
very slow
A: fangs 1, strong nose, distributed training
a: Renounce Religion, Berserk, Trog's Hand, Brothers in Arms


You were on level 11 of the Dungeon.
You worshipped Trog.
Trog was extremely pleased with you.
You visited 1 branch of the dungeon, and saw 11 of its levels.
You also visited: Sewer.

You collected 695 gold pieces.

Inventory:

Hand Weapons
 a - a +2 broad axe of flaming (weapon)
 b - a +0 battleaxe
 s - the +1 flail "Isaeruog" {freeze, rPois Dex+2}
   (You found it on level 7 of the Dungeon)

   Dex+2:     It affects your dexterity (+2).
   rPois:     It protects you from poison
Missiles
 l - 29 poisoned darts (quivered)
 t - 7 throwing nets
 u - 6 boomerangs
 J - 6 javelins
Armour
 g - a +2 pair of gloves (worn)
 y - a +0 plate armour (worn)
 B - a +0 helmet (worn)
 D - a +0 cloak (worn)
Jewellery
 v - a +6 ring of dexterity (right hand)
 z - an amulet of faith (around neck)
 A - the ring of Honesty (left hand) {MP+9 Str+3}
   (You found it on level 3 of the Dungeon)

   [ring of magical power]

   Str+3:     It affects your strength (+3).
   MP+9:      It affects your magic capacity (+9).
Wands
 i - a wand of paralysis (13)
 q - a wand of flame (17)
 E - a wand of roots (9)
 G - a wand of polymorph (2)
 I - a wand of acid (5)
Scrolls
 f - 4 scrolls of fear
 j - 4 scrolls of teleportation
 r - 2 scrolls of summoning
 w - 4 scrolls of identify
 C - a scroll of enchant weapon
Potions
 c - a potion of lignification
 e - 2 potions of attraction
 h - 2 potions of curing
 k - a potion of heal wounds
 m - a potion of might
 n - 2 potions of haste
 o - a potion of enlightenment
 p - a potion of mutation
 x - a potion of resistance
 F - a potion of cancellation


   Skills:
 + Level 9.4 Fighting
 + Level 6.6 Short Blades
 + Level 6.6 Long Blades
 + Level 9.4 Axes
 + Level 6.6 Maces & Flails
 + Level 6.6 Polearms
 + Level 6.6 Staves
 + Level 6.6 Ranged Weapons
 + Level 6.6 Throwing
 + Level 8.1 Armour
 + Level 8.1 Dodging
 + Level 6.6 Stealth
 + Level 6.6 Shields
 + Level 6.6 Unarmed Combat
 + Level 6.6 Spellcasting
 + Level 5.4 Conjurations
 + Level 5.4 Hexes
 + Level 5.4 Summonings
 + Level 5.4 Necromancy
 + Level 5.4 Translocations
 + Level 5.4 Transmutations
 + Level 5.4 Fire Magic
 + Level 5.4 Ice Magic
 + Level 5.4 Air Magic
 + Level 5.4 Earth Magic
 + Level 5.4 Poison Magic
 + Level 7.2 Invocations
 + Level 6.6 Evocations
 + Level 6.0 Shapeshifting


You had 23 spell levels left.
You didn't know any spells.
Your spell library was empty.

Dungeon Overview and Level Annotations

Branches:
Dungeon (11/15)            Temple (0/1) D:4            Lair (0/5) D:9
  Sewer (visited)
    Orc: D:9-12

Altars:
Gozag
Nemelex Xobeh
Okawaru
Qazlal
Uskayaw
Xom

Annotations:
D:3 1 runed translucent door, bmb222's ghost, weakling DsFi
D:11 1 runed translucent door, Sonja; Tuntoteh's ghost, journeyman DrSh


Innate Abilities, Weirdness & Mutations

You have very sharp teeth.
Your uncanny sense of smell can sniff out nearby items.
Your experience applies equally to all skills.


Message History

Unknown command.
Unknown command.
Really read the scroll of immolation?
As you read the scroll of immolation, it crumbles to dust.
The creatures around you are filled with an inner flame!
The hellwing barely misses you. The hellwing completely misses you.
The soul eater hits you!
You feel drained. The kobold brigand closely misses you.
The kobold demonologist casts a spell.
The hellwing barely misses you. The hellwing closely misses you.
The soul eater draws from the surrounding life force!
Unknown command.
Unknown command.
Unknown command.
Unknown command.
You barely miss the kobold brigand. You miss the crimson imp.
You hit the soul eater but do no damage.
You slash the kobold demonologist!
Flame seeps out of the kobold demonologist.
You burn the kobold demonologist.
Flame seeps out of the kobold demonologist.
You hit the hellwing.
Flame seeps out of the hellwing.
You burn the hellwing.
Flame seeps out of the hellwing.
The kobold brigand hits you but does no damage.
The kobold demonologist is engulfed in blazing flames.
Trog accepts your kill.
Trog appreciates your killing of a magic user.
The shadow imp disappears in a puff of smoke!
The crimson imp disappears in a puff of smoke!
The hellwing disappears in a puff of smoke!
The soul eater disappears in a puff of smoke!
The ynoxinul disappears in a puff of smoke!
The kobold demonologist explodes!
The fiery explosion engulfs you!!
* * * LOW HITPOINT WARNING * * *
The fiery explosion engulfs the kobold brigand!!!
Trog accepts your kill.
The kobold brigand explodes!
The fiery explosion engulfs you!!
You die...

* #...# *,,,,,,,,,,**,,,,,,,,
***###...# *,,,,,,,,,,**,,,,,,,,
,,,..#$..# *,,,,,,,,,,,,,,,,,,,,
####.#...# ********+*##**,,,,,,,
...#.#..^# *,...,+,,,,,,,
.....#...###########..##**,,,,,,,
##.#....................,*******+
...............○§§§.....,,,,,,,,,
##(#......$....)@○#.#.#,*,,,,***,
.#.##############§#,*<,,,,,,,,,,,
....,,,,,,,,,,,**K#,*,**,,*******
.....,********,*,K.,*,*,,,,,,,,,,
....>.,,,,****,*,.§.*,,,,********
.......,,,,,**,*,....,,,,*,,,,,*
........,,,,**,**+#...,,,,,,,,,*
..).,,,,,,,,**,**,*....,**,*****
....,,***+****,**,*,,,,,,*,*


You could see a kobold brigand (inner flame) and a kobold.

Vanquished Creatures
  A two-headed ogre (D:9)
  Maggie (D:7)
  A gargoyle (D:6)
  A komodo dragon (D:9)
  4 kobold demonologists
  3 trolls
  3 slime creatures (D:10)
  10 yaks
  Sigmund (D:4)
  2 steam dragons
  2 acid dragons
  Menkaure (D:4)
  7 orc warriors
  2 sky beasts (D:7)
  3 black bears (D:7)
  3 ogres
  A centaur (D:6)
  4 phantoms
  5 kobold brigands
  2 wyvern zombies (D:8)
  5 bullfrogs
  3 scorpions
  7 wights
  6 killer bees (D:10)
  9 howler monkeys
  2 centaur zombies (D:8)
  3 gnoll boudas
  3 hounds
  2 jellies
  4 orc priests
  3 iguanas
  7 orc wizards
  A sleepcap (D:7)
  A hell rat (Sewer)
  9 adders
  31 gnolls
  A river rat (Sewer)
  A shadow imp (D:6)
  2 white imps (D:8)
  An ufetubus (D:7)
  4 worms
  4 dart slugs
  56 orcs
  8 endoplasms
  4 giant cockroaches (D:3)
  5 hobgoblins
  14 jackals
  4 quokkas
  9 ball pythons
  A frilled lizard (D:3)
  6 goblins
  26 kobolds
  6 rats
305 creatures vanquished.

Notes
Turn   | Place    | Note
-------+----------+-------------------------------------------
     0 | D:1      | jejorda2 the Gnoll Berserker began the quest for the Orb.
     0 | D:1      | Reached XP level 1. HP: 23/23 MP: 1/1
    65 | D:1      | Reached XP level 2. HP: 26/29 MP: 2/2
   585 | D:2      | Reached XP level 3. HP: 33/35 MP: 3/3
   664 | D:2      | Reached skill level 1 in Invocations
   692 | D:2      | Reached skill level 1 in Short Blades
   692 | D:2      | Reached skill level 1 in Long Blades
   692 | D:2      | Reached skill level 1 in Maces & Flails
   692 | D:2      | Reached skill level 1 in Polearms
   692 | D:2      | Reached skill level 1 in Staves
   692 | D:2      | Reached skill level 1 in Ranged Weapons
   692 | D:2      | Reached skill level 1 in Throwing
   692 | D:2      | Reached skill level 1 in Stealth
   692 | D:2      | Reached skill level 1 in Shields
   692 | D:2      | Reached skill level 1 in Unarmed Combat
   692 | D:2      | Reached skill level 1 in Spellcasting
   692 | D:2      | Reached skill level 1 in Evocations
   977 | D:2      | Reached XP level 4. HP: 40/41 MP: 5/5
   987 | D:2      | Reached ** piety under Trog
  1027 | D:2      | Reached skill level 1 in Shapeshifting
  1459 | D:3      | Found a runed translucent door.
  1468 | D:3      | Noticed bmb222's ghost (weakling DsFi)
  1518 | D:3      | Identified the ring of Honesty {MP+9 Str+3}
  1556 | D:3      | Found a glowing drain.
  1575 | Sewer    | Entered a sewer
  1582 | Sewer    | Reached skill level 1 in Conjurations
  1582 | Sewer    | Reached skill level 1 in Hexes
  1582 | Sewer    | Reached skill level 1 in Summonings
  1582 | Sewer    | Reached skill level 1 in Necromancy
  1582 | Sewer    | Reached skill level 1 in Translocations
  1582 | Sewer    | Reached skill level 1 in Transmutations
  1582 | Sewer    | Reached skill level 1 in Fire Magic
  1582 | Sewer    | Reached skill level 1 in Ice Magic
  1582 | Sewer    | Reached skill level 1 in Air Magic
  1582 | Sewer    | Reached skill level 1 in Earth Magic
  1582 | Sewer    | Reached skill level 1 in Poison Magic
  1809 | D:3      | Reached XP level 5. HP: 47/47 MP: 6/6
  1867 | D:3      | Identified the +0 ring mail of Defiance {*Corrode rPois
                  | rN+++ Int+5}
  1930 | D:3      | Found a faded altar of an unknown god.
  2510 | D:4      | Found a staircase to the Ecumenical Temple.
  2552 | D:4      | Noticed Sigmund
  2560 | D:4      | Killed Sigmund
  2561 | D:4      | Reached skill level 5 in Armour
  2561 | D:4      | Reached skill level 5 in Dodging
  2561 | D:4      | Reached XP level 6. HP: 51/53 MP: 9/9
  2795 | D:4      | Reached XP level 7. HP: 59/59 MP: 10/10
  3100 | D:4      | Reached *** piety under Trog
  3258 | D:4      | Noticed Menkaure
  3261 | D:4      | Killed Menkaure
  3304 | D:4      | Found a sparkling altar of Nemelex Xobeh.
  3487 | D:4      | Reached XP level 8. HP: 66/67 MP: 12/12
  4305 | D:5      | Entered Level 5 of the Dungeon
  5065 | D:6      | Reached XP level 9. HP: 45/73 MP: 14/14
  5800 | D:6      | Found a hide-covered altar of Uskayaw.
  5800 | D:6      | Found an opulent altar of Gozag.
  5801 | D:6      | Found a shimmering altar of Xom.
  5801 | D:6      | Noticed a gargoyle
  5808 | D:6      | Killed a gargoyle
  6137 | D:7      | Identified the +1 flail "Isaeruog" {freeze, rPois Dex+2}
  6277 | D:7      | Reached **** piety under Trog
  6315 | D:7      | Noticed Maggie
  6335 | D:7      | Killed Maggie
  6336 | D:7      | Reached skill level 5 in Invocations
  6569 | D:7      | Found an iron altar of Okawaru.
  6702 | D:7      | Reached XP level 10. HP: 75/80 MP: 17/17
  6754 | D:7      | Reached skill level 5 in Short Blades
  6754 | D:7      | Reached skill level 5 in Long Blades
  6754 | D:7      | Reached skill level 5 in Maces & Flails
  6754 | D:7      | Reached skill level 5 in Polearms
  6754 | D:7      | Reached skill level 5 in Staves
  6754 | D:7      | Reached skill level 5 in Ranged Weapons
  6754 | D:7      | Reached skill level 5 in Throwing
  6754 | D:7      | Reached skill level 5 in Stealth
  6754 | D:7      | Reached skill level 5 in Shields
  6754 | D:7      | Reached skill level 5 in Unarmed Combat
  6754 | D:7      | Reached skill level 5 in Spellcasting
  6754 | D:7      | Reached skill level 5 in Evocations
  7383 | D:8      | Reached ***** piety under Trog
  7847 | D:9      | Reached skill level 5 in Shapeshifting
  8107 | D:9      | Found a stormy altar of Qazlal.
  8409 | D:9      | Reached XP level 11. HP: 87/87 MP: 19/19
  8414 | D:9      | Reached skill level 5 in Conjurations
  8414 | D:9      | Reached skill level 5 in Hexes
  8414 | D:9      | Reached skill level 5 in Summonings
  8414 | D:9      | Reached skill level 5 in Necromancy
  8414 | D:9      | Reached skill level 5 in Translocations
  8414 | D:9      | Reached skill level 5 in Transmutations
  8414 | D:9      | Reached skill level 5 in Fire Magic
  8414 | D:9      | Reached skill level 5 in Ice Magic
  8414 | D:9      | Reached skill level 5 in Air Magic
  8414 | D:9      | Reached skill level 5 in Earth Magic
  8414 | D:9      | Reached skill level 5 in Poison Magic
  8519 | D:9      | Noticed a two-headed ogre
  8530 | D:9      | Killed a two-headed ogre
  8594 | D:9      | Found a staircase to the Lair.
  8658 | D:10     | Entered Level 10 of the Dungeon
  9742 | D:11     | Identified the +9 spear of Actus Reus {freeze, MP+9}
  9742 | D:11     | Noticed a cyclops
  9759 | D:11     | Found a runed translucent door.
  9761 | D:11     | Noticed Tuntoteh's ghost (journeyman DrSh)
  9779 | D:11     | Received a gift from Trog
  9807 | D:11     | Noticed Sonja
  9816 | D:11     | Noticed a soul eater
  9818 | D:11     | HP: 2/86 [spore (26)]
  9818 | D:11     | Killed by an exploding kobold brigand... ignited by their
                  | inner flame

Illustrated notes

Levels and vault maps discovered:
D:1:      dpeg_arrival_radiant, layout_rooms
D:2:      layout_basic, serial_forest, infiniplex_forest_clump_small,
          infiniplex_forest_lined_room_2, infiniplex_forest_straight_2,
          infiniplex_forest_lined_3, infiniplex_forest_lined_2,
          infiniplex_forest_clump_double, infiniplex_forest_clump_C,
          minmay_indecisive_spiral
D:3:      layout_loops_cross, basic_ecumenical_altar, ebering_ghost_sewer_d,
          gup_sewer_entry_pipe, minmay_misc_feat_cross, minmay_stone_trees_small
D:4:      lemuel_castle_with_subvaults [lemuel_castle_interior_original],
          layout_loops_ring, lemuel_doored_altar,
          minmay_temple_entry_antechambers, nicolae_zig_zag_zippers,
          uniq_menkaure, uniq_sigmund
D:5:      layout_basic, eino_tiny_chamber
D:6:      layout_basic, grunt_temple_overflow_open
D:7:      layout_rooms, mainiacjoe_overflow_boulevard,
          kennysheep_generic_room_2, uniq_maggie
D:8:      layout_loops_ring, serial_undead, serial_undead_f, serial_undead_a,
          serial_undead_d, serial_undead_a, serial_undead_e
D:9:      layout_roguey, nicolae_qazlal_general_emergency,
          grunt_lair_entry_orc_guard_hut
D:10:     layout_roguey [special_room_orc], serial_bayou_pond_c
D:11:     evilmike_iron_armoury, layout_basic, portal_ice_cave_entry_pillars_2,
          ebering_ghost_funeral_grove, hellmonk_guarded_unrand_dark_maul,
          uniq_sonja, uniq_grum

Skill      XL: |  1  2  3  4  5  6  7  8  9 10 11 |
---------------+----------------------------------+-----
Invocations    | 1 2 3 4 5 6 7 |  7.2
Short Blades   | 1 2 3 4 5 6 |  6.6
Long Blades    | 1 2 3 4 5 6 |  6.6
Maces & Flails | 1 2 3 4 5 6 |  6.6
Polearms       | 1 2 3 4 5 6 |  6.6
Staves         | 1 2 3 4 5 6 |  6.6
Ranged Weapons | 1 2 3 4 5 6 |  6.6
Throwing       | 1 2 3 4 5 6 |  6.6
Stealth        | 1 2 3 4 5 6 |  6.6
Shields        | 1 2 3 4 5 6 |  6.6
Unarmed Combat | 1 2 3 4 5 6 |  6.6
Spellcasting   | 1 2 3 4 5 6 |  6.6
Evocations     | 1 2 3 4 5 6 |  6.6
Shapeshifting  | 1 2 3 4 5 6 |  6.0
Conjurations   | 1 2 3 4 5 |  5.4
Hexes          | 1 2 3 4 5 |  5.4
Summonings     | 1 2 3 4 5 |  5.4
Necromancy     | 1 2 3 4 5 |  5.4
Translocations | 1 2 3 4 5 |  5.4
Transmutations | 1 2 3 4 5 |  5.4
Fire Magic     | 1 2 3 4 5 |  5.4
Ice Magic      | 1 2 3 4 5 |  5.4
Air Magic      | 1 2 3 4 5 |  5.4
Earth Magic    | 1 2 3 4 5 |  5.4
Poison Magic   | 1 2 3 4 5 |  5.4
Armour         | 5 6 7 8 |  8.1
Dodging        | 5 6 7 8 |  8.1
Fighting       | 7 8 9 |  9.4
Axes           | 7 8 9 |  9.4

Action                     |  1- 3 |  4- 6 |  7- 9 | 10-12 || total
---------------------------+-------+-------+-------+-------++-------
  Melee: Hand axe          |    65 |   149 |    41 |       ||   255
         Bite              |     8 |    14 |    35 |    38 ||    95
         Punch             |       |     3 |     5 |     8 ||    16
         War axe           |       |       |   153 |       ||   153
         Broad axe         |       |       |    98 |   263 ||   361
         Battleaxe         |       |       |    60 |       ||    60
  Throw: Dart              |       |       |       |    11 ||    11
 Invoke: Berserk           |       |     4 |     8 |     7 ||    19
         Trog's Hand       |       |     1 |     4 |     3 ||     8
    Use: Scroll            |       |    14 |     8 |     8 ||    30
         Potion            |       |       |     1 |       ||     1
   Stab: Sleeping          |       |     2 |     2 |       ||     4
 Armour: Animal skin       |    11 |       |       |       ||    11
         Leather armour    |    16 |    38 |    43 |       ||    97
         Ring mail         |       |    27 |    82 |       ||   109
         Chain mail        |       |       |    75 |       ||    75
         Plate armour      |       |       |    99 |   272 ||   371
  Dodge: Dodged            |    30 |    65 |   219 |   149 ||   463

Table legend: (Time is in decaauts)
 A = Elapsed time spent in this place.
 B = Non-inter-level travel time spent in this place.
 C = Inter-level travel time spent in this place.
 D = Time resting spent in this place.
 E = Time spent auto-exploring this place.
 F = Levels seen in this place.
 G = Mean time per level.
                   A        B        C        D        E       F      G
               +--------+--------+--------+--------+--------+-----+--------+
         Total |  10089 |   9438 |    651 |    770 |   6537 |  12 |  840.8 |
       Dungeon |   9853 |   9202 |    651 |    705 |   6469 |  11 |  895.7 |
         Sewer |    235 |    235 |      0 |     65 |     68 |   1 |  235.0 |
               +--------+--------+--------+--------+--------+-----+--------+

Top non-repeatable levels by time:
     D:4: 1882 daAuts
     D:6: 1013 daAuts
    D:10: 991 daAuts
     D:9: 942 daAuts
     D:7: 936 daAuts
     D:2: 900 daAuts
     D:8: 866 daAuts
     D:3: 864 daAuts
     D:5: 808 daAuts
     D:1: 556 daAuts
   Sewer: 235 daAuts
    D:11: 91 daAuts
